 Dungeon Crawl Stone Soup version 0.14-a0-852-g0ba292f (webtiles) character file.

6438 4tharraofdagon the Cleaver (level 10, 15/83 HPs)
             Began as a Djinni Fighter on Nov 15, 2013.
             Was a High Priest of Makhleb.
             Quit the game on Level 2 of the Orcish Mines.
             The game lasted 00:36:36 (5460 turns).

4tharraofdagon the Cleaver (Djinni Fighter)         Turns: 5460, Time: 00:36:36

HP  15/83 (69)   AC 16     Str 19      XL: 10   Next: 51%
MP   0/0         EV  3     Int 10      God: Makhleb [*****.]
Gold 593         SH  0     Dex 12      Spells:  0 memorised,  9 levels left

Res.Fire  : + + +   See Invis. : +   k - -1,+1 orc war axe
Res.Cold  : x . .   Warding    : .   u - +0 orc plate armour
Life Prot.: + + +   Conserve   : .   c - +0 shield (curse)
Res.Poison: .       Res.Corr.  : .   (no helmet)
Res.Elec. : .       Clarity    : .   C - +0 cloak
Sust.Abil.: . .     Spirit.Shd : .   f - +0 pair of gauntlets
Res.Mut.  : .       Stasis     : .   (boots unavailable)
Res.Rott. : .       Flight     : +   (no amulet)
Saprovore : . . .                    (no ring)
                                     D - ring of see invisible

@: confused, flying, slowed, very slow, somewhat resistant to hostile
enchantments, extremely unstealthy
A: fire immunity, cold vulnerability, blink 1, -10% mp, life protection 3, slow
healing 1
a: Blink, Minor Destruction, Lesser Servant of Makhleb, Major Destruction,
Greater Servant of Makhleb, Renounce Religion


You were on level 2 of the Orcish Mines.
You worshipped Makhleb.
Makhleb was extremely pleased with you.
You were not hungry.

You visited 3 branches of the dungeon, and saw 16 of its levels.

You collected 593 gold pieces.

Inventory:

Hand weapons
 a - a +0,+0 hand axe
 h - a +3,+1 orcish hand axe
 k - a -1,+1 orcish war axe (weapon)
 q - a +1,+2 crossbow of flame
 z - a cursed -3,-2 orcish glaive
Missiles
 B - 2 curare-tipped needles
Armour
 b - a +0 scale mail
 c - a cursed +0 shield (worn)
 f - a +0 pair of gauntlets (worn)
 g - a +0 orcish chain mail
 m - a +0 orcish plate armour
 o - a +0 dwarven ring mail
 s - a +0 chain mail
 u - a +0 orcish plate armour (worn)
 C - a +0 cloak (worn)
 E - a +2 ring mail of fire resistance
 F - a +0 orcish plate armour
Magical devices
 l - a wand of heal wounds (0)
 r - a wand of paralysis (0)
 w - a wand of digging (7)
Scrolls
 e - 3 scrolls of enchant armour {unknown}
 i - a scroll of random uselessness
 j - a scroll of teleportation
 n - a scroll of curse weapon
 p - 2 scrolls of remove curse
 v - a scroll of enchant weapon I
 x - a scroll of immolation
 y - a scroll of identify
Jewellery
 d - an uncursed ring of flight
 D - a ring of see invisible (left hand)
Books
 t - a book of Callings

   Spells                             Type                      Level
   Summon Small Mammal                Summoning                    1
   Call Imp                           Summoning                    2
   Call Canine Familiar               Summoning                    3
   Summon Scorpions                   Summoning/Poison             4
   Summon Ice Beast                   Ice/Summoning                4


   Skills:
 + Level 7.2 Fighting
 * Level 9.7 Axes
 + Level 8.8 Armour
 - Level 3.0 Shields
 - Level 7.0 Evocations


You had 9 spell levels left.
You didn't know any spells.

Dungeon Overview and Level Annotations

Branches:
Dungeon (13/16)            Temple (1/1) D:4             Orc (2/4) D:6
   Lair: D:8-13

Altars:
Ashenzari
Cheibriados
Elyvilon
Fedhas
Kikubaaqudgha
Makhleb
Nemelex Xobeh
Okawaru
Sif Muna
Trog
Vehumet
Xom
Yredelemnul
Zin
the Shining One

Annotations:
D:9 TurtleSmacker's ghost, experienced DDFi
D:10 Maurice
Orc:2 Erica; Josephine


Innate Abilities, Weirdness & Mutations

You are immune to all types of fire, even holy and hellish.
You are vulnerable to cold.
You need no food.
You have no legs.
You are immune to negative energy.
You can translocate small distances at will.
Your magical capacity is low (-10% MP).
You heal slowly when monsters are visible.


Message History

Found 10 gold pieces. 2 zombies and 2 skeletons come into view.
Unknown command.
You're too confused!
You aren't carrying any potions.
Unknown command.
Josephine hits you but does no damage. The warg skeleton bites you.
* * * LOW HITPOINT WARNING * * *
The warg skeleton claws you but does no damage.
Josephine hits you but does no damage.
Unknown command.
The warg skeleton bites you.
* * * LOW HITPOINT WARNING * * *
The warg skeleton barely misses you.
The warg skeleton claws you but does no damage.
The warg skeleton barely misses you.
The warg skeleton claws you but does no damage.
Unknown command.
Unknown command.
Are you sure you want to abandon this character and quit the game? (Confirm with "yes".)

#..###.......
.. .....>...
##.........
...........
#...........
##......$....
##............
#....@z....#...
#.@zz....#
##.Z....##
##.##..... ###
.##. #


You could see Josephine, a goblin zombie, an orc zombie, a warg skeleton and an
orc skeleton.

Vanquished Creatures
  The ghost of Tolias the Cleaver, an experienced FoAK of Lugonu (D:7)
  Erolcha (Orc:1)
  Joseph (D:8)
  A trapdoor spider (D:11)
  A hippogriff (D:10)
  Edmund (D:9)
  A manticore (D:9)
  2 necrophages
  6 orc warriors
  2 black bears
  A yellow wasp (D:12)
  4 ogres
  2 phantoms
  A warg (Orc:1)
  A water moccasin (D:8)
  A big kobold (D:9)
  6 giant frogs
  6 killer bees
  2 crimson imps (D:8)
  7 hounds
  9 orc priests
  A scorpion (D:11)
  2 jellies
  A worker ant (D:9)
  8 orc wizards
  2 iguanas
  An ogre zombie (D:5)
  Jessica (D:2)
  A big kobold zombie (D:9)
  Terence (D:2)
  4 adders
  A giant centipede (D:9)
  A giant mite (D:10)
  A worm (D:6)
  The ghost of 4tharraofdagon the Skirmisher, a weakling GrFi (D:3)
  2 giant eyeballs
  7 giant geckos
  An ooze (D:2)
  49 orcs
  5 giant cockroaches
  14 hobgoblins
  2 jackals (D:7)
  A ball python (D:4)
  8 bats
  A giant newt (D:1)
  6 goblins
  A goblin skeleton (D:4)
  15 kobolds
  A kobold skeleton (D:7)
  3 quokkas
  A quokka skeleton (D:5)
  8 rats
208 creatures vanquished.

Vanquished Creatures (collateral kills)
  A hill giant (D:11)
1 creature vanquished.

Vanquished Creatures (others)
  A smoke demon (D:11)
1 creature vanquished.

Grand Total: 210 creatures vanquished

Notes
Turn   | Place    | Note
--------------------------------------------------------------
     0 | D:1      | 4tharraofdagon, the Djinni Fighter, began the quest for the Orb.
     0 | D:1      | Reached XP level 1. HP: 16/16 MP: 0/0
   100 | D:1      | Reached XP level 2. EP: 16/22
   156 | D:2      | Found a sparkling altar of Nemelex Xobeh.
   383 | D:2      | Paralysed by a potion of paralysis for 3 turns
   397 | D:3      | Reached skill level 4 in Armour
   397 | D:3      | Reached XP level 3. EP: 22/29
   417 | D:3      | Noticed 4tharraofdagon's ghost (weakling GrFi)
   593 | D:5      | Entered Level 5 of the Dungeon
   593 | D:5      | Noticed an ice beast
   628 | D:4      | wojtek: hej
   658 | D:4      | Reached XP level 4. EP: 22/35
   781 | D:4      | Found a staircase to the Ecumenical Temple.
   789 | Temple   | Entered the Ecumenical Temple
   810 | Temple   | Became a worshipper of Makhleb the Destroyer
   811 | Temple   | 4tharraofdagon: cze
   943 | D:5      | Noticed an ogre
   947 | D:5      | Noticed a sky beast
   960 | D:5      | Noticed an ogre
  1034 | D:6      | Reached XP level 5. EP: 28/41
  1112 | D:5      | Paralysed by a giant eyeball for 2 turns
  1115 | D:5      | Paralysed by a giant eyeball for 2 turns
  1188 | D:6      | Noticed a black bear
  1191 | D:6      | Noticed a necrophage
  1204 | D:6      | Killed a necrophage
  1204 | D:6      | Reached XP level 6. EP: 43/48
  1223 | D:6      | Killed a black bear
  1223 | D:6      | Reached skill level 5 in Armour
  1305 | D:6      | Found a sparkling altar of Nemelex Xobeh.
  1305 | D:6      | Found a glowing golden altar of the Shining One.
  1414 | D:6      | Noticed an orc warrior
  1531 | D:4      | Noticed 4tharraofdagon's ghost (weakling GrFi)
  1592 | D:3      | Acquired Makhleb's first power
  1610 | D:3      | Killed 4tharraofdagon's ghost
  1648 | D:2      | Noticed Terence
  1672 | D:2      | Killed Terence
  1841 | D:2      | Noticed Jessica
  1851 | D:2      | Killed Jessica
  1971 | D:3      | Reached XP level 7. EP: 55/55
  2061 | D:5      | Acquired Makhleb's second power
  2086 | D:5      | Reached skill level 1 in Evocations
  2149 | D:7      | Reached skill level 5 in Axes
  2685 | D:6      | Noticed an orc warrior
  2692 | D:6      | Noticed an ogre
  2764 | D:9      | Noticed TurtleSmacker's ghost (experienced DDFi)
  2774 | D:8      | Reached skill level 6 in Armour
  2774 | D:8      | Reached XP level 8. EP: 63/63
  2776 | D:8      | Gained mutation: Your magical capacity is low (-10% MP). [potion of mutation]
  2776 | D:8      | Gained mutation: You heal slowly when monsters are visible. [potion of mutation]
  2776 | D:8      | Gained mutation: You can translocate small distances at will. [potion of mutation]
  2859 | D:8      | Noticed a two-headed ogre
  2892 | D:9      | Reached skill level 5 in Fighting
  2897 | D:9      | Acquired Makhleb's third power
  2999 | D:8      | Noticed Joseph
  3020 | D:8      | Killed Joseph
  3020 | D:8      | Reached skill level 7 in Axes
  3352 | D:9      | Reached XP level 9. EP: 64/70
  3465 | D:10     | Entered Level 10 of the Dungeon
  3536 | D:11     | Noticed a hill giant
  3630 | D:10     | Noticed Maurice
  3679 | D:11     | Reached skill level 5 in Evocations
  3724 | D:11     | Identified a scroll of acquirement
  3726 | D:11     | WTF
  3781 | D:11     | Noticed a hill giant
  3796 | D:11     | Killed a hill giant
  3796 | D:11     | Reached skill level 8 in Axes
  3891 | D:13     | Noticed a seven-headed hydra
  3929 | D:13     | Noticed a griffon
  4096 | D:11     | Acquired Makhleb's fourth power
  4679 | D:10     | Found a glowing silver altar of Zin.
  4851 | D:9      | Noticed Edmund
  4864 | D:9      | Killed Edmund
  4864 | D:9      | Reached XP level 10. EP: 52/81
  5001 | D:7      | Noticed Tolias' ghost (experienced FoAK)
  5017 | D:7      | Killed Tolias' ghost
  5017 | D:7      | Reached skill level 9 in Axes
  5122 | D:6      | Noticed an orc warrior
  5151 | D:6      | Acquired Makhleb's fifth power
  5161 | D:6      | Noticed an orc warrior
  5188 | D:6      | Killed an orc warrior
  5203 | D:6      | Killed an orc warrior
  5229 | D:6      | Noticed an orc warrior
  5253 | D:6      | Killed an orc warrior
  5274 | D:6      | Found a staircase to the Orcish Mines.
  5289 | Orc:1    | Entered Level 1 of the Orcish Mines
  5377 | Orc:1    | Noticed Erolcha
  5389 | Orc:1    | Killed Erolcha
  5447 | Orc:2    | Noticed Erica
  5457 | Orc:2    | Noticed Josephine
  5460 | Orc:2    | Quit the game

Action                   |  1- 3 |  4- 6 |  7- 9 | 10-12 || total
-------------------------+-------+-------+-------+-------++-------
Melee: Hand axe          |   157 |   210 |   434 |       ||   801
       War axe           |       |       |   105 |   153 ||   258
Invok: Lesser Servant of |       |       |     1 |       ||     1
Evoke: Wand              |       |     3 |    32 |    11 ||    46
  Use: Potion            |     1 |     1 |    11 |     2 ||    15
       Scroll            |       |     4 |    15 |     2 ||    21
 Stab: Paralysed         |       |     4 |    47 |    14 ||    65
